 Dungeon Crawl Stone Soup version 0.31-a0-369-g8eba5f6939 (webtiles) character file.

Game seed: 7372473920525137661

86 CraigForest the Sneak (level 4, -8/26 HPs)
             Began as a Tengu Brigand on July 28, 2023.
             Mangled by Grinder (9 damage)
             ... on level 3 of the Dungeon.
             The game lasted 00:11:39 (1406 turns).

CraigForest the Sneak (Tengu Brigand)               Turns: 1406, Time: 00:11:40

Health: -8/26      AC:  6    Str: 12    XL:     4   Next: 49%
Magic:  0/5        EV: 10    Int: 11    God:
Gold:   99         SH:  0    Dex: 17    Spells: 3/3 levels left

rFire   . . .        a - +2 dagger
rCold   . . .        (no shield)
rNeg    . . .        j - +0 ring mail
rPois   .            (helmet restricted)
rElec   .            c - +0 cloak
rCorr   +            (no gloves)
SInv    .            (boots unavailable)
Will    .....        m - amulet of guardian spirit
Stlth   +++          f - ring of resist corrosion
HPRegen 0.24/turn    (no ring)
MPRegen 0.09/turn

%: guardian spirit
@: no status effects
A: beak, talons 3
a: no special abilities


You were on level 3 of the Dungeon.
You visited 1 branch of the dungeon, and saw 3 of its levels.

You collected 99 gold pieces.

Inventory:

Hand Weapons
 a - a +2 dagger (weapon)
Missiles
 d - 11 poisoned darts (quivered)
 e - 3 curare-tipped darts
Armour
 c - a +0 cloak (worn)
 j - a +0 ring mail (worn)
Jewellery
 f - a ring of resist corrosion (left hand)
 m - an amulet of guardian spirit (around neck)
Scrolls
 b - a scroll of immolation {unknown}
Potions
 g - a potion of curing
 h - a potion of lignification {unknown}
 i - a potion of ambrosia {unknown}
 k - a potion of heal wounds {unknown}
 l - a potion of resistance {unknown}


   Skills:
 + Level 2.1 Fighting
 + Level 2.7 Short Blades
 + Level 2.1 Throwing
 + Level 0.5 Armour
 + Level 1.2 Dodging
 + Level 5.5 Stealth


You had 3 spell levels left.
You didn't know any spells.
Your spell library was empty.

Dungeon Overview and Level Annotations

Branches:
Dungeon (3/15)

Altars:
Ru

Shops:
D:2 [

Annotations:
D:3 Grinder


Innate Abilities, Weirdness & Mutations

You have a beak for a mouth.
You have claws for feet.


Message History

Press: ? - help, Q - select action, (/) - cycle Shift-Dir - straight line, f/p - Grinder
Aim: Grinder (lightly wounded, 55% to hit)
You throw a poisoned dart. The poisoned dart hits Grinder.
Grinder is poisoned.
Grinder is lightly wounded.
Throw: 13 darts (poison)
Press: ? - help, Q - select action, (/) - cycle Shift-Dir - straight line, f/p - Grinder
Aim: Grinder (lightly wounded, poisoned, 55% to hit)
You throw a poisoned dart.
The poisoned dart barely misses Grinder.
Throw: 12 darts (poison)
Press: ? - help, Q - select action, (/) - cycle Shift-Dir - straight line, f/p - Grinder
Aim: Grinder (lightly wounded, poisoned, 55% to hit)
You throw a poisoned dart.
The poisoned dart closely misses Grinder.
You barely miss Grinder. You claw Grinder.
Grinder is lightly wounded.
Grinder gestures at you.
You suddenly lose the ability to move!
Grinder hits you but does no damage. Grinder barely misses you.
Grinder hits you.
You can move again.
You closely miss Grinder. You claw Grinder, but do no damage.
Grinder is moderately wounded.
Grinder looks more healthy.
Grinder barely misses you.
You barely miss Grinder. You peck Grinder, but do no damage.
Grinder is moderately wounded.
Grinder says, "Just stop there for a second..."
Grinder hits you!
You closely miss Grinder. Your kick misses Grinder. Your peck misses Grinder.
Grinder is moderately wounded.
Grinder gestures at you. Pain shoots through your body!
* * * LOW HITPOINT WARNING * * *
You barely miss Grinder. You claw Grinder!
Grinder is heavily wounded.
Grinder hits you.
* * * LOW HITPOINT WARNING * * *
Grinder attacks as you move away! Grinder hits you!
You die...

...# #..# #..#
#..# #..# #..#
#..########## .
#..'.@5.(...( ..
#..##########
##^####.##
.........#
.).......#
.........# ..
.###########.###.#
.#
...............#.#
.
.###########.#.#.#
###


You could see Grinder.

Vanquished Creatures
  An adder (D:2)
  A worm (D:2)
  5 dart slugs
  6 endoplasms
  6 giant cockroaches
  3 goblins
  2 hobgoblins
  7 jackals (D:1)
  5 kobolds
  5 quokkas
  3 ball pythons (D:2)
  2 bats
  7 frilled lizards
  5 rats
58 creatures vanquished.

Notes
Turn   | Place    | Note
-------+----------+-------------------------------------------
     0 | D:1      | CraigForest the Tengu Brigand began the quest for the Orb.
     0 | D:1      | Reached XP level 1. HP: 12/12 MP: 2/2
    76 | D:1      | Reached XP level 2. HP: 16/17 MP: 3/3
   208 | D:1      | Found a faded altar of an unknown god.
   239 | D:1      | Reached XP level 3. HP: 14/21 MP: 4/4
   384 | D:1      | Reached skill level 5 in Stealth
   779 | D:2      | Found Coakkuho's Armour Boutique.
   831 | D:2      | Reached XP level 4. HP: 26/26 MP: 5/5
  1298 | D:3      | Found a sacrificial altar of Ru.
  1386 | D:3      | Noticed Grinder
  1388 | D:3      | Paralysed by Grinder for 4 turns
  1398 | D:3      | Paralysed by Grinder for 3 turns
  1405 | D:3      | HP: 1/26 [Grinder (5)]
  1406 | D:3      | Mangled by Grinder

Illustrated notes

Levels and vault maps discovered:
D:1:      sevenhm_arrival_forest_fort_small_4, layout_basic,
          dreamdust_ecumenical_altar_angels_and_demons, minmay_worlds_worst_comb
D:2:      layout_loops_ring, serial_shops, nicolae_shop_back_alley_shop
D:3:      layout_basic, mainiacjoe_overflow_concentric_impassable,
          lemuel_tele_altar, serial_shops, nicolae_square_shop,
          grunt_ministairs_13, uniq_grinder

Skill      XL: |  1  2  3 |
---------------+----------+-----
Stealth        | 5 |  5.5
Fighting       | |  2.1
Short Blades   | |  2.7
Throwing       | |  2.1
Armour         | |  0.5
Dodging        | |  1.2

Action                     |  1- 3 |  4- 6 || total
---------------------------+-------+-------++-------
  Melee: Dagger            |    84 |    29 ||   113
         Kick              |    17 |     7 ||    24
         Peck              |    10 |     1 ||    11
         Punch             |     1 |       ||     1
  Throw: Dart              |    10 |     6 ||    16
    Use: Scroll            |     3 |     1 ||     4
   Stab: Sleeping          |    10 |    10 ||    20
 Armour: Robe              |     5 |       ||     5
         Ring mail         |     9 |     5 ||    14
  Dodge: Dodged            |    36 |     7 ||    43

Table legend: (Time is in decaauts)
 A = Elapsed time spent in this place.
 B = Non-inter-level travel time spent in this place.
 C = Inter-level travel time spent in this place.
 D = Time resting spent in this place.
 E = Time spent auto-exploring this place.
 F = Levels seen in this place.
 G = Mean time per level.
                   A        B        C        D        E       F      G
               +--------+--------+--------+--------+--------+-----+--------+
         Total |   1398 |   1147 |    251 |      0 |    703 |   3 |  466.0 |
       Dungeon |   1398 |   1147 |    251 |      0 |    703 |   3 |  466.0 |
               +--------+--------+--------+--------+--------+-----+--------+

Top non-repeatable levels by time:
     D:2: 704 daAuts
     D:1: 577 daAuts
     D:3: 117 daAuts
